 Dungeon Crawl Stone Soup version 0.29.1-13-g9f3cf754e1 (webtiles) character file.

Game seed: 10814050879668848312

47 KittyFluff the Trooper (level 3, -10/24 HPs)
             Began as a Gargoyle Berserker on Jan 22, 2023.
             Was a Believer of Trog.
             Mangled by a gnoll
             ... wielding a +0 halberd
              (12 damage)
             ... on level 3 of the Dungeon.
             The game lasted 00:07:25 (1855 turns).

KittyFluff the Trooper (Gargoyle Berserker)         Turns: 1855, Time: 00:07:25

Health: -10/24     AC:  6    Str: 20    XL:     3   Next: 70%
Magic:  3/3        EV: 11    Int:  7    God:    Trog [**....]
Gold:   180        SH:  0    Dex: 11    Spells: 2/2 levels left

rFire   . . .      SeeInvis .   a - +0 mace
rCold   . . .      Faith    .   (no shield)
rNeg    + . .      Spirit   .   l - +0 leather armour
rPois   ∞          Reflect  .   (no helmet)
rElec   +          Harm     .   (no cloak)
rCorr   .          Rampage  .   (no gloves)
Will    .....                   (no boots)
Stlth   +.........              (no amulet)
HPRegen 0.08/turn               (no ring)
MPRegen 0.08/turn               (no ring)

@: no status effects
A: sickness immunity, AC +3, negative energy resistance 1, electricity
resistance, torment resistance 1, petrification resistance
a: Renounce Religion, Berserk, Trog's Hand


You were on level 3 of the Dungeon.
You worshipped Trog.
Trog was pleased with you.
You visited 1 branch of the dungeon, and saw 3 of its levels.

You collected 180 gold pieces.

Inventory:

Hand Weapons
 a - a +0 mace (weapon)
 b - a +0 flail
Missiles
 f - 9 stones (quivered)
Armour
 e - a +0 ring mail
 i - a +0 chain mail
 l - a +0 leather armour (worn)
Scrolls
 c - a scroll of enchant armour {unknown}
 h - a scroll of enchant weapon {unknown}
 j - a scroll of amnesia {unknown}
 k - 2 scrolls of teleportation {unknown}
Potions
 d - a potion of degeneration
 g - a potion of flight


   Skills:
 + Level 3.8 Fighting
 + Level 3.5 Maces & Flails
 * Level 2.9 Armour
 + Level 1.9 Dodging
 + Level 0.2 Stealth


You had 2 spell levels left.
You didn't know any spells.
Your spell library was empty.

Dungeon Overview and Level Annotations

Branches:
Dungeon (3/15)

Altars:


Innate Abilities, Weirdness & Mutations

You are immune to sickness and miasma.
Your stone body is resilient. (AC +3)
You are immune to poison.
You resist negative energy. (rN+)
You are resistant to electric shocks. (rElec)
You are resistant to unholy torment.
You are immune to petrification.


Message History

You closely miss the adder. You punch the adder.
The adder is lightly wounded.
The adder barely misses you.
You sock the adder!
You kill the adder!
Trog accepts your kill.
Found a whip.
c - a scroll labelled FOWKEOFE EMOL
Found 2 stones.
A gnoll comes into view. It is wielding a +0 halberd.
The gnoll shouts!
Found 15 gold pieces.
You hear the slow rusting of a very distant drain.
A gnoll comes into view. It is wielding a +0 halberd.
The gnoll shouts!
You hear a shout!
The gnoll throws a throwing net.
The throwing net hits you.
You become entangled in the net!
A gnoll comes into view. It is wielding a +0 flail.
You hear a shout!
You see here a throwing net.
You struggle against the net.
The gnoll shouts!
A hobgoblin comes into view.
You struggle against the net.
The gnoll hits you from afar with a +0 halberd!
You struggle against the net.
The gnoll hits you from afar with a +0 halberd.
* * * LOW HITPOINT WARNING * * *
You shred the net and break free! The gnoll barely misses you.
The gnoll closely misses you. The gnoll barely misses you.
You barely miss the gnoll.
The gnoll hits you from afar with a +0 halberd.
* * * LOW HITPOINT WARNING * * *
The gnoll barely misses you.
You sock the gnoll!
The gnoll is severely wounded.
The gnoll hits you with a +0 halberd!
Ouch! That really hurt!
You die...

########.#..##.####
..........#.#
##.####.##.## #.#
#.# #
#.####.#######
#............#
#..###.#####.#
#.#########..###.#
#......@ggg....#.#
#..########g.#.#.#
##.#.#.# #g# #..
#g# ### g. .$ .##


You could see 3 gnolls and a hobgoblin.

Vanquished Creatures
  An adder (D:3)
  A dart slug (D:2)
  An endoplasm (D:1)
  3 giant cockroaches (D:2)
  A goblin (D:1)
  3 hobgoblins
  3 jackals (D:2)
  7 quokkas
  3 ball pythons
  3 bats
  2 frilled lizards
  3 kobolds
  A rat (D:2)
32 creatures vanquished.

Notes
Turn   | Place    | Note
-------+----------+-------------------------------------------
     0 | D:1      | KittyFluff the Gargoyle Berserker began the quest for the
                  | Orb.
     0 | D:1      | Reached XP level 1. HP: 14/14 MP: 1/1
   289 | D:1      | Reached XP level 2. HP: 17/19 MP: 2/2
  1213 | D:2      | Reached XP level 3. HP: 24/24 MP: 3/3
  1342 | D:2      | Reached ** piety under Trog
  1855 | D:3      | Mangled by a gnoll

Illustrated notes

Levels and vault maps discovered:
D:1:      spicycebolla_arrival_ecumenical, layout_loops_ring
D:2:      layout_basic, chequers_arboretum
D:3:      layout_loops_ring, gup_sewer_entry_bubbles,
          ebering_dispersal_statue_hall, minmay_misc_feat_more_columns

Action                   || total
-------------------------++-------
Melee: Mace              ||    96
       Punch             ||     1
  Use: Scroll            ||     2
Armor: Animal skin       ||    28
       Leather armour    ||    29
Dodge: Dodged            ||    80
